[Event "*** SCC Grand Prix: Titled Tuesday Blitz"]
[Site "Chess.com"]
[Date "2020.08.25"]
[Round "6"]
[White "Nemsko"]
[Black "pavelalexandru07"]
[Result "1-0"]
[WhiteElo "2360"]
[BlackElo "2204"]
[TimeControl "180+1"]
[EndTime "11:08:18 PDT"]
[Termination "Nemsko won on time"]

1. e4 c5 2. Nf3 d6 3. d4 cxd4 4.
Nxd4 Nf6 5. Nc3 a6 6. Be3 e5 7.
Nb3 Be6 8. h3 h5 9. Qd2 b5 10.
Bd3 Be7 11. f4 exf4 12. Bxf4 Ra7 13. O-O-O Rd7 14. Nd4 O-O 15. Rdg1 b4 16. Na4 Qa5 17. b3 d5 18. e5 Ne4 19. Qe2 h4 20. Bxe4 dxe4 21.
Qxe4 Qd8 22. Rd1 Bd5 23. Qe2 Nc6 24. Nf5 Bg5 25. Qg4 Bxf4+ 26. Qxf4 Re8 27. Nc5 Ra7 28.
Nd6 Rxe5 29. Nc4 Rh5 30. Rd2 Qg5 31. Qxg5 Rxg5 32. Ne3 Bxg2 33. Rxg2 Rxc5 34. Rhg1 g6 35. Nc4 Ne5 36. Rg5 1-0

[Event "*** SCC Grand Prix: Titled Tuesday Blitz"]
[Site "Chess.com"]
[Date "2020.08.25"]
[Round "6"]
[White "english_player_89"]
[Black "Xeniya2005"]
[Result "0-1"]
[WhiteElo "2485"]
[BlackElo "2367"]
[TimeControl "180+1"]
[EndTime "11:08:19 PDT"]
[Termination "Xeniya2005 won by resignation"]

1. e4 e6 2. d4 d5 3. exd5 exd5 4. Nf3 Nf6 5. Bd3 Be7 6. O-O O-O 7. h3 Nc6 8. c3 Be6 9. Nbd2 h6 10. Re1 Qd7 11. Nf1 Rfe8 12. Ng3 Rad8 13. Bd2 Bd6 14. Qc1 Bxg3 15. fxg3 Bf5 16. Bf1 Ne4 17. g4 Bh7 18. Bf4 f6 19. Bd3 Ne7 20. Qc2 b6 21. Nd2 Ng6 22. Bh2 Nxd2 23. Qxd2 Nf8 24. Bf1 Be4 25.
Re3 c5 26. Rae1 Ne6 27. dxc5 bxc5 28. b3 Ng5 29. a4 Qb7 30. Bb5 Re7 31. h4 Nf7 32.
Qf2 a6 33. Bd3 Rde8 34. Bxe4 dxe4 35. c4 Qc6 36. Qf5 a5 37. Kh1 Re6 38. Bf4 R8e7 39. Rd1 Re8 40. Rd5 Ne5 41. Rxe4 g6 42. Rxc5 gxf5 43.
Rxc6 Nxc6 44. Rxe6 Rxe6 45. gxf5 Re4 46. Bxh6 Rxh4+ 0-1

[Event "*** SCC Grand Prix: Titled Tuesday Blitz"]
[Site "Chess.com"]
[Date "2020.08.25"]
[Round "6"]
[White "Ariadna_Atreides"]
[Black "Roza_Idrisova"]
[Result "1/2-1/2"]
[WhiteElo "2049"]
[BlackElo "2193"]
[TimeControl "180+1"]
[EndTime "11:08:19 PDT"]
[Termination "Game drawn by repetition"]

1. d4 d5 2. Nf3 c6 3. c4 Nf6 4. Nbd2 Bf5 5. Nh4 Be6 6. e3 g6 7.
Be2 Bg7 8. O-O O-O 9. Nhf3 a5 10. b3 Na6 11. Bb2 Re8 12. a3 h6 13. Qc2 Rc8 14. e4 dxe4 15. Nxe4 Bf5 16. Bd3 Nxe4 17. Bxe4 Bxe4 18.
Qxe4 Qb6 19. Qe3 c5 20. Rab1 cxd4 21. Bxd4 Bxd4 22. Qxd4 Qxd4 23. Nxd4 e5 24. Nb5 Red8 25. Rfd1 Nc5 26. b4 axb4 27. axb4 Nd3 28. c5 Ra8 29. Nd6 Nf4 30. Nxb7 Rdb8 31. Nd6 Ne2+ 32. Kf1 Nd4 33. Rdc1 Nb5 34. Nxb5 Rxb5 35. c6 Rc8 36. Rc4 Kf8 37. Rbc1 Ke7 38. c7 Kd7 39. Ke2 f6 40. Rd1+ Ke7 41.
Rc6 Rxb4 42. Rdd6 Rb7 43. Re6+ Kd7 44. Red6+ Ke7 45. Re6+ Kd7 46. Red6+ Ke7 1/2-1/2

[Event "*** SCC Grand Prix: Titled Tuesday Blitz"]
[Site "Chess.com"]
[Date "2020.08.25"]
[Round "6"]
[White "Nafania1"]
[Black "PavelShkapenko"]
[Result "0-1"]
[WhiteElo "2452"]
[BlackElo "2626"]
[TimeControl "180+1"]
[EndTime "11:08:20 PDT"]
[Termination "PavelShkapenko won by checkmate"]

1. e4 e5 2. Nf3 Nc6 3. Bb5 Bc5 4.
c3 Bb6 5. O-O d6 6. d4 Bd7 7. a4 a6 8. Bc4 Nf6 9. h3 O-O 10. Re1 Re8 11. Bg5 h6 12. Bh4 g5 13.
Nxg5 hxg5 14. Bxg5 exd4 15. cxd4 Bxd4 16. Nc3 Be6 17.
Bd5 Bxc3 18. bxc3 Bxd5 19. exd5 Rxe1+ 20. Qxe1 Ne5 21. Rd1 Kg7 22. Rd4 Ng6 23. Qd1 Qe8 24. Qf3 Qe1+ 25. Kh2 Qe5+ 26. Qg3 Qxg3+ 27. Kxg3 Re8 28.
f3 Re2 29. Rb4 b6 30. Bxf6+ Kxf6 31. a5 b5 32. c4 bxc4 33. Rxc4 Ra2 34. Rxc7 Rxa5 35.
Rc6 Ke5 36. h4 Kxd5 37. Rc7 f5 38. h5 f4+ 39. Kg4 Ne5+ 40. Kxf4 Ra1 41. h6 Rh1 42. h7 a5 43. g4 a4 44. g5 a3 45. Ra7 a2 46.
Kf5 Rxh7 47. Rxa2 Rf7# 0-1

[Event "*** SCC Grand Prix: Titled Tuesday Blitz"]
[Site "Chess.com"]
[Date "2020.08.25"]
[Round "6"]
[White "albi1999"]
[Black "A-Fier"]
[Result "1-0"]
[WhiteElo "2556"]
[BlackElo "2750"]
[TimeControl "180+1"]
[EndTime "11:08:21 PDT"]
[Termination "albi1999 won by resignation"]

1. d4 Nf6 2. c4 c5 3. d5 e6 4. Nc3 exd5 5. cxd5 d6 6. e4 g6 7. h3 Bg7 8. Nf3 O-O 9. Bd3 b5 10. Nxb5 Re8 11. O-O Nxe4 12. Re1 a6 13. Nc3 Nxc3 14. Rxe8+ Qxe8 15. bxc3 Bxc3 16. Rb1 Nd7 17. Qa4 Qd8 18. Bf4 Ne5 19. Bxe5 Bxe5 20. Nxe5 dxe5 21. Qc6 Bd7 22. Qxc5 Qg5 23. Qe3 Qxe3 24. fxe3 Kf8 25. d6 Rc8 26. Bxa6 Rc6 27. Rb8+ Kg7 28. Rd8 Rxa6 29. Rxd7 Rxa2 30. Rd8 Rd2 31. Kf1 h5 32. Ke1 Rd5 33. Ke2 Kf6 34. e4 Rd4 35. Ke3 Ke6 36. Re8+ Kxd6 37. Rd8+ Ke6 38. Rxd4 exd4+ 39. Kxd4 Kf6 40. h4 g5 41. g3 g4 42. Kd5 Kg7 43. Ke5 Kg6 44. Kd6 Kf6 45. e5+ Kf5 46. Kd5 Kg6 47. Ke4 Kg7 48.
Kf5 Kf8 49. e6 Ke7 50. exf7 Kxf7 51. Kg5 1-0

[Event "*** SCC Grand Prix: Titled Tuesday Blitz"]
[Site "Chess.com"]
[Date "2020.08.25"]
[Round "6"]
[White "Fandorine"]
[Black "Mazetovic"]
[Result "1-0"]
[WhiteElo "2917"]
[BlackElo "2666"]
[TimeControl "180+1"]
[EndTime "11:08:21 PDT"]
[Termination "Fandorine won by resignation"]

1. d4 Nf6 2. c4 g6 3. Nc3 Bg7 4. e4 d6 5. Nf3 O-O 6. Be2 Na6 7. O-O e5 8. Be3 c6 9. d5 Ng4 10. Bg5 f6 11. Bd2 c5 12. Qc1 f5 13. exf5 gxf5 14. g3 Nc7 15. Nh4 Bd7 16. Bxg4 fxg4 17. Ne4 Ne8 18. Bg5 Qc7 19. Bh6 Bf5 20. Bxg7 Nxg7 21.
Nxf5 Nxf5 22. Qg5+ Qg7 23. Kg2 h6 24. Qxg7+ Kxg7 25.
h3 h5 26. Rh1 Rh8 27. Rh2 Rh6 28. Rah1 Rah8 29. b3 b6 30. hxg4 hxg4 31. Rxh6 Rxh6 32. Rxh6 Kxh6 33. f3 gxf3+ 34. Kxf3 Kg6 35. g4 Nd4+ 36.
Ke3 Nc2+ 37. Kd2 Nb4 38. a3 Na6 39. Nxd6 Kg5 40. Ke3 Nb8 41. Ke4 Nd7 42. Nf7+ Kf6 43. Nd8 Kg5 44. Nc6 Nf6+ 45. Kxe5 Nxg4+ 46. Kd6 Kf6 47.
Nxa7 Nf2 48. Nc8 Ne4+ 49. Kc6 Ke5 50. Nxb6 1-0

[Event "*** SCC Grand Prix: Titled Tuesday Blitz"]
[Site "Chess.com"]
[Date "2020.08.25"]
[Round "6"]
[White "gmcorrales"]
[Black "GukeshDommaraju"]
[Result "1-0"]
[WhiteElo "2912"]
[BlackElo "2709"]
[TimeControl "180+1"]
[EndTime "11:08:22 PDT"]
[Termination "gmcorrales won by resignation"]

1. e4 c5 2. Nf3 d6 3. d4 cxd4 4. Nxd4 Nf6 5. Nc3 a6 6. Be3 e6 7. f3 Be7 8. Qd2 b5 9. g4 Bb7 10. g5 Nfd7 11. O-O-O Nb6 12. a3 N8d7 13. h4 Rc8 14. h5 Ne5 15. Rg1 Nbc4 16. Bxc4 Nxc4 17. Qd3 g6 18. Nb3 Qc7 19. Bd4 e5 20. Be3 Nxa3 21.
hxg6 hxg6 22. Rh1 Rf8 23. Rh2 Nc4 24. Kb1 Bc6 25. Bc1 Qb7 26. Nd5 Bxd5 27. exd5 a5 28. Nd2 a4 29. Ne4 b4 30. b3 Nb6 31. Qb5+ Kd8 32.
bxa4 Qa7 33. Be3 Rb8 34. a5 Qc7 35. Bxb6 1-0

[Event "*** SCC Grand Prix: Titled Tuesday Blitz"]
[Site "Chess.com"]
[Date "2020.08.25"]
[Round "6"]
[White "r31415"]
[Black "lifeissofun"]
[Result "0-1"]
[WhiteElo "2441"]
[BlackElo "2271"]
[TimeControl "180+1"]
[EndTime "11:08:22 PDT"]
[Termination "lifeissofun won on time"]

1. c4 Nf6 2. Nc3 e6 3. Nf3 d5 4. d4 dxc4 5. e4 Bb4 6. Bg5 h6 7. Bxf6 Qxf6 8. Bxc4 O-O 9. O-O c5 10. e5 Qe7 11. d5 Bxc3 12. bxc3 exd5 13. Bxd5 Be6 14. Be4 Rd8 15. Qa4 Na6 16. Rab1 Bd5 17. Rfd1 Bxe4 18. Qxe4 Rxd1+ 19. Rxd1 Rd8 20. Rd5 Nc7 21.
Rd3 Ne6 22. g3 b5 23. Kg2 a5 24. Nh4 Rxd3 25. Qxd3 Qb7+ 26. f3 c4 27. Qd2 b4 28.
Nf5 Qb5 29. f4 Qc6+ 30. Kf2 Qe4 31. Nd6 Qc6 32. cxb4 c3 33. Qc2 axb4 34. Nf5 Qc5+ 35. Ne3 Nd4 36. Qa4 Nf5 0-1

[Event "*** SCC Grand Prix: Titled Tuesday Blitz"]
[Site "Chess.com"]
[Date "2020.08.25"]
[Round "6"]
[White "denispopov"]
[Black "MattyDPerrine"]
[Result "1-0"]
[WhiteElo "1921"]
[BlackElo "2342"]
[TimeControl "180+1"]
[EndTime "11:08:23 PDT"]
[Termination "denispopov won on time"]

1. e4 c5 2. Nc3 e6 3. Nge2 Nc6 4. g3 d5 5. exd5 exd5 6. Bg2 d4 7. Nb1 Nf6 8. d3 Bd6 9. O-O O-O 10. Bf4 Re8 11.
Bxd6 Qxd6 12. Nf4 Bg4 13. Qc1 Ne5 14. Nd2 Rab8 15. a4 b6 16. h3 Bd7 17. Ne4 Nxe4 18.
Bxe4 Bc6 19. Bxc6 Qxc6 20. f3 Nxf3+ 21. Kf2 Ng5 22. Qd1 Re3 23. Re1 Rf3+ 24. Kg1 Rxg3+ 25. Kh2 Re3 26. Rxe3 dxe3 27. Qg4 Nf3+ 28. Kg3 Ne5 29. Qe2 Qf6 30. Nh5 Qg5+ 31. Kh2 1-0

[Event "*** SCC Grand Prix: Titled Tuesday Blitz"]
[Site "Chess.com"]
[Date "2020.08.25"]
[Round "6"]
[White "TokChess"]
[Black "Sacbutt"]
[Result "1-0"]
[WhiteElo "2417"]
[BlackElo "2188"]
[TimeControl "180+1"]
[EndTime "11:08:23 PDT"]
[Termination "TokChess won on time"]

1. e4 c5 2. Nf3 d6 3. Bc4 e6 4.
O-O Nc6 5. c3 Nf6 6. Re1 Be7 7.
Bb3 O-O 8. d4 cxd4 9. cxd4 d5 10.
e5 Ne4 11. Nbd2 Nxd2 12. Bxd2 f6 13. exf6 Bxf6 14. Bf4 Bd7 15. Ne5 Nxe5 16. Bxe5 Bxe5 17.
Rxe5 Qf6 18. f3 Qh4 19. Qd2 Rac8 20. g3 Qh3 21. f4 Bb5 22. Rae1 Rf6 23. Qg2 Qxg2+ 24.
Kxg2 Kf7 25. Kf2 Bc4 26. Rc1 b6 27. Bxc4 dxc4 28. b3 c3 29. Ke3 Rf5 30. Rxf5+ exf5 31. Kd3 c2 32. Rxc2 Rxc2 33. Kxc2 Ke6 34. Kc3 Kd5 35. Kd3 b5 36. h3 h5 37. Ke3 g6 38.
a3 a5 39. Kd3 1-0

[Event "*** SCC Grand Prix: Titled Tuesday Blitz"]
[Site "Chess.com"]
[Date "2020.08.25"]
[Round "6"]
[White "Kobalia"]
[Black "Infernal_XaM"]
[Result "0-1"]
[WhiteElo "2774"]
[BlackElo "2919"]
[TimeControl "180+1"]
[EndTime "11:08:24 PDT"]
[Termination "Infernal_XaM won on time"]

1. e4 d5 2. exd5 Qxd5 3. Nc3 Qd6 4. d4 Nf6 5. Nf3 g6 6. Nb5 Qd8 7. Bf4 Na6 8. c4 Bg7 9. Be2 O-O 10. O-O c5 11. dxc5 Ne4 12. Qc2 Nexc5 13. Rad1 Bf5 14. Rxd8 Bxc2 15. Rxa8 Rxa8 16. b3 Nb4 17. Be3 b6 18. a3 Nc6 19. b4 Na4 20. Rc1 Be4 21. Nd2 Bf5 22. Bf3 Rc8 23. Bxc6 Rxc6 24. Nxa7 Rc7 25. Nb5 Rc8 26. Nd4 Bd3 27. h3 f5 28.
c5 f4 29. Bxf4 Bxd4 30. Nf3 Bb2 31. Re1 bxc5 32. bxc5 Bf6 33. Be5 Rxc5 34. Bxf6 exf6 35. Re7 Rd5 36. Ra7 Bb5 37. Ra5 Bc6 38. Ra6 Rd6 39. Nd4 Rxd4 40. Rxc6 f5 41. Rc7 Rd3 42. Ra7 Rxa3 43.
Kh2 Ra2 44. Ra8+ Kg7 45. f4 Nc3 46. Rc8 Nd5 47. Rd8 Nxf4 0-1

[Event "*** SCC Grand Prix: Titled Tuesday Blitz"]
[Site "Chess.com"]
[Date "2020.08.25"]
[Round "6"]
[White "azikom"]
[Black "Harsha_Bharathakoti"]
[Result "1-0"]
[WhiteElo "2640"]
[BlackElo "2810"]
[TimeControl "180+1"]
[EndTime "11:08:24 PDT"]
[Termination "azikom won by resignation"]

1. d4 d5 2. Nf3 Nf6 3. Bf4 e6 4. e3 Bd6 5. Bg3 O-O 6. c4 c5 7. cxd5 Nxd5 8. Bxd6 Qxd6 9. dxc5 Qxc5 10. Nbd2 Nc6 11. a3 Rd8 12. Rc1 Qe7 13. Qc2 Bd7 14. Qb1 e5 15. Bc4 Be6 16. O-O Rac8 17. h3 f6 18. Bd3 g6 19. Rfd1 Bf7 20. Bb5 Nb8 21.
Ne4 Rxc1 22. Rxc1 a6 23. Bf1 Kg7 24. Nc5 Rc8 25. b4 Rc7 26. Qb2 Nd7 27. Nxd7 Qxd7 28. Nd2 Rxc1 29. Qxc1 Qc7 30. Qxc7 Nxc7 31. g4 Bd5 32. f4 Kf7 33. Kf2 Ke6 34. h4 Kd6 35.
g5 f5 36. fxe5+ Kxe5 37. Be2 Ne6 38. Nf3+ Kd6 39. Nd2 f4 40. Nc4+ Ke7 41. Ne5 Kd6 42. Ng4 fxe3+ 43. Kxe3 Ng7 44. Bd3 Ke7 45. Nf6 Be6 46.
Nxh7 Bf5 47. Nf6 Bxd3 48. Kxd3 Nf5 49. h5 gxh5 50. Nxh5 Nd6 51. Nf4 Nb5 52. a4 Nc7 53. Kc4 b6 54. Nd5+ 1-0

[Event "*** SCC Grand Prix: Titled Tuesday Blitz"]
[Site "Chess.com"]
[Date "2020.08.25"]
[Round "6"]
[White "bocah_sakit"]
[Black "praveenb2002"]
[Result "1-0"]
[WhiteElo "2633"]
[BlackElo "2742"]
[TimeControl "180+1"]
[EndTime "11:08:24 PDT"]
[Termination "bocah_sakit won by checkmate"]

1. e4 c5 2. Nf3 d6 3. d4 cxd4 4. Nxd4 Nf6 5. Nc3 Nc6 6. Bg5 e6 7. Qd2 a6 8. O-O-O Bd7 9. f3 Be7 10. h4 b5 11. Nxc6 Bxc6 12. Ne2 Rc8 13. Kb1 Bb7 14.
Nd4 Qc7 15. g4 O-O 16. Be3 Nd7 17. h5 d5 18. exd5 Bxd5 19. g5 Ne5 20. Be2 Nc4 21. Bxc4 Qxc4 22. b3 Qc3 23. Qf2 Ba3 24. Bc1 Bxc1 25.
Rxc1 a5 26. Nxb5 Qb4 27. a4 Rb8 28. Qe1 Qf4 29. Qxa5 Rfc8 30. h6 g6 31. Rhg1 Ra8 32.
Qb6 Rxa4 33. Qd6 Qe3 34. bxa4 Ra8 35. Qa3 Qf4 36. Qb2 Qxa4 37. Qg7# 1-0

[Event "*** SCC Grand Prix: Titled Tuesday Blitz"]
[Site "Chess.com"]
[Date "2020.08.25"]
[Round "6"]
[White "dforcen"]
[Black "shnitez"]
[Result "0-1"]
[WhiteElo "2612"]
[BlackElo "2469"]
[TimeControl "180+1"]
[EndTime "11:08:25 PDT"]
[Termination "shnitez won by resignation"]

1. c4 e5 2. Nc3 Nc6 3. Nf3 Nf6 4. e4 b6 5. g3 Bb4 6. d3 O-O 7. a3 Bxc3+ 8. bxc3 d6 9. Bg2 Nd7 10. O-O Bb7 11. Nh4 a6 12. Nf5 Kh8 13. f4 Ne7 14.
Ne3 Nc5 15. Rb1 Qd7 16. Nd5 Nxd5 17. cxd5 b5 18. d4 Na4 19. Bd2 exd4 20. cxd4 c6 21. dxc6 Bxc6 22. d5 Bb7 23. Qb3 Rac8 24. Rbc1 f6 25.
Qb4 Rc5 26. Be3 Rxc1 27. Rxc1 Rc8 28. Rxc8+ Bxc8 29. h4 Qc7 30. Kh2 h6 31. f5 Bd7 32.
Bf4 Nc5 33. g4 a5 34. Qd4 Be8 35. g5 hxg5 36. hxg5 Qe7 37. gxf6 gxf6 38. Bf3 Kg8 39. Kg3 Kg7 40. Kf2 Kf8 41. Ke3 Bf7 42. Qb2 Be8 43. Bh6+ Kg8 44. Qg2+ Kh7 45. Bf4 Kh8 46. Qg4 b4 47. axb4 axb4 48. Qh4+ Kg8 49. Qg3+ Qg7 50. Bxd6 Qxg3 51. Bxg3 b3 52. Kd2 Na4 53. Bd6 Bb5 54. Be7 b2 55. Bxf6 b1=Q 56. Ke3 Qc1+ 57. Kf2 Nc3 58. Bxc3 Qxc3 59. f6 Qd4+ 0-1

[Event "*** SCC Grand Prix: Titled Tuesday Blitz"]
[Site "Chess.com"]
[Date "2020.08.25"]
[Round "6"]
[White "TurboSteen"]
[Black "Quiet_Desperation"]
[Result "1-0"]
[WhiteElo "2060"]
[BlackElo "2274"]
[TimeControl "180+1"]
[EndTime "11:08:25 PDT"]
[Termination "TurboSteen won by checkmate"]

1. e4 e6 2. d4 d5 3. Nd2 Nf6 4. e5 Nfd7 5. c3 c5 6. Bd3 Nc6 7. Ne2 cxd4 8. cxd4 f6 9. exf6 Nxf6 10. Nf3 Bd6 11. O-O Qc7 12. h3 O-O 13. Be3 Bd7 14.
Re1 Be8 15. Ng5 Bd7 16. Nf3 a6 17. Rc1 Rae8 18. a3 Qb8 19. b4 e5 20. dxe5 Nxe5 21.
Nxe5 Bxe5 22. Bd4 Kh8 23. Bxe5 Rxe5 24. Nd4 Rfe8 25. Qd2 h6 26. Rxe5 Qxe5 27. Nf3 Qh5 28. Re1 Bxh3 29. Rxe8+ Nxe8 30. Qe3 Bg4 31. Ne5 Nf6 32.
Bg6 Qh4 33. Nf7+ Kg8 34. Qe7 Ne4 35. Qe8# 1-0

[Event "*** SCC Grand Prix: Titled Tuesday Blitz"]
[Site "Chess.com"]
[Date "2020.08.25"]
[Round "6"]
[White "GOGIEFF"]
[Black "FontVella8"]
[Result "1-0"]
[WhiteElo "2859"]
[BlackElo "2498"]
[TimeControl "180+1"]
[EndTime "11:08:26 PDT"]
[Termination "GOGIEFF won by resignation"]

1. d4 d5 2. c4 dxc4 3. e4 e5 4. Nf3 exd4 5. Bxc4 Be6 6. Bxe6 fxe6 7. O-O Nc6 8. Qb3 Qd7 9. Qxb7 Rb8 10. Qa6 Nf6 11.
Nbd2 Be7 12. a3 O-O 13. b4 Rb6 14. Qc4 Kh8 15. Bb2 e5 16. Rfc1 Bd6 17. Ne1 Nd8 18. Nd3 Ne6 19. Re1 Nh5 20. g3 Nf6 21. Rac1 Ng5 22. h4 Nh3+ 23. Kg2 Ng4 24. f3 Ne3+ 25. Rxe3 dxe3 26. Nf1 Nf4+ 27. gxf4 exf4 28. Nh2 h5 29. Qd5 Qe8 30. Kh1 Rb5 31. Qd4 Rg8 32. Rg1 Qe7 33. e5 Qxh4 34. exd6 Rg5 35. Rxg5 Qxg5 36. dxc7 h4 37.
Qe5 Qxe5 38. Bxe5 Kh7 39. Bxf4 e2 40. Ng4 Kg6 41. Kg2 Kf5 42. Bh2 g5 43. Kf2 1-0

[Event "*** SCC Grand Prix: Titled Tuesday Blitz"]
[Site "Chess.com"]
[Date "2020.08.25"]
[Round "6"]
[White "GM_dmitrij"]
[Black "AlexTriapishko"]
[Result "1-0"]
[WhiteElo "2888"]
[BlackElo "2703"]
[TimeControl "180+1"]
[EndTime "11:08:27 PDT"]
[Termination "GM_dmitrij won on time"]

1. e4 c6 2. d4 d5 3. e5 Bf5 4.
h4 h5 5. Bd3 Bxd3 6. Qxd3 Qa5+ 7. Nd2 e6 8. Nf3 Nh6 9. O-O Nf5 10. Nb3 Qa6 11. Qd1 Nd7 12. Bg5 Rc8 13. c3 c5 14. Re1 c4 15. Nc1 b5 16. Ne2 b4 17. a4 bxa3 18. bxa3 Rb8 19. Qc2 g6 20. a4 Be7 21. Bxe7 Kxe7 22. Qc1 Rb3 23. Ng3 Nxg3 24. fxg3 Qa5 25. Qg5+ Ke8 26. Rac1 Qd8 27. Qf4 Qe7 28. Nd2 Rb2 29. Rb1 Qa3 30. Rxb2 Qxb2 31.
Qe3 Kf8 32. Rb1 Qa2 33. Rb7 Qxa4 34. Nf3 Kg7 35. Ng5 Qc6 36. Rxa7 Rf8 37. Qf4 Kg8 38. Kh2 Kg7 39. g4 hxg4 40. Qxg4 Ra8 41. Qf4 Rf8 42. h5 gxh5 43. Qg3 Kh6 44. Qf4 Kg6 45. Nf3 f6 46.
exf6 Rxf6 47. Qg5+ Kh7 48. Qxf6 1-0

[Event "*** SCC Grand Prix: Titled Tuesday Blitz"]
[Site "Chess.com"]
[Date "2020.08.25"]
[Round "6"]
[White "crescentmoon2411"]
[Black "RenarddesSurfaces"]
[Result "1-0"]
[WhiteElo "2774"]
[BlackElo "2552"]
[TimeControl "180+1"]
[EndTime "11:08:27 PDT"]
[Termination "crescentmoon2411 won on time"]

1. e4 d6 2. d4 Nf6 3. Nc3 Nbd7 4. f4 e5 5. Nf3 exd4 6. Qxd4 c6 7. Be3 d5 8. e5 Ng4 9. Bg1 Bc5 10. Qd2 Bxg1 11.
Rxg1 Qb6 12. O-O-O Nxh2 13. Bd3 Ng4 14. Rde1 Nc5 15. e6 fxe6 16. Ng5 Bd7 17. Bf5 Nf6 18.
Bxe6 O-O-O 19. f5 Bxe6 20. fxe6 Rhe8 21. Nf7 Nce4 22. Nxe4 Nxe4 23. Qf4 Rxe6 24. Qg4 Re8 25. Nd6+ Kc7 26. Nxe8+ Rxe8 27. Qxg7+ Kb8 28. Qxh7 Qf2 29. Qh6 a5 30. Qe3 Qf6 31. g4 Nd6 32. Qg3 Rxe1+ 33. Rxe1 Ka7 34. g5 Qg6 35. Qf2+ b6 36. Qf6 1-0

[Event "*** SCC Grand Prix: Titled Tuesday Blitz"]
[Site "Chess.com"]
[Date "2020.08.25"]
[Round "6"]
[White "Oleksandr_Bortnyk"]
[Black "DenLaz"]
[Result "1-0"]
[WhiteElo "2935"]
[BlackElo "2709"]
[TimeControl "180+1"]
[EndTime "11:08:29 PDT"]
[Termination "Oleksandr_Bortnyk won by resignation"]

1. d4 d5 2. Nc3 Nf6 3. Bf4 a6 4. e3 b5 5. Nf3 Bb7 6. Ne5 e6 7. g4 Nfd7 8. Qf3 Nxe5 9. Bxe5 Nd7 10. Bf4 Bd6 11. Ne2 e5 12. Bg3 Qe7 13. O-O-O O-O-O 14. h4 Kb8 15. h5 b4 16. Kb1 c5 17. Nc1 e4 18.
Bxd6+ Qxd6 19. Qxf7 c4 20. Qf4 Qxf4 21. exf4 g6 22.
g5 Rdf8 23. Ne2 Nb6 24. Bh3 gxh5 25. Be6 Bc8 26. Bxc8 Nxc8 27. Rxh5 Nd6 28. Rh6 Kc7 29. Rdh1 Nf5 30. Rxa6 Rfg8 31. Ra7+ Kb6 32. Raxh7 Rxh7 33. Rxh7 Kc6 34. c3 b3 35. axb3 cxb3 36. Nc1 Nd6 37. Nxb3 Rf8 38. Na5+ Kb5 39. Rh6 Nf5 40. Rf6 Rxf6 41. gxf6 Nd6 42. Nb3 Kc4 43. Nc5 Nf7 44. Ne6 Kd3 45. Ng5 Nd6 46. f7 Nxf7 47. Nxf7 Ke2 48.
Ne5 Kxf2 49. f5 e3 50. Ng4+ Kf3 51. Nxe3 Kxe3 52. f6 1-0

[Event "*** SCC Grand Prix: Titled Tuesday Blitz"]
[Site "Chess.com"]
[Date "2020.08.25"]
[Round "6"]
[White "jefferyx"]
[Black "Arjun2002"]
[Result "1/2-1/2"]
[WhiteElo "2908"]
[BlackElo "2720"]
[TimeControl "180+1"]
[EndTime "11:08:30 PDT"]
[Termination "Game drawn by repetition"]

1. d4 d5 2. c4 c6 3. Nf3 Nf6 4. cxd5 cxd5 5. Nc3 Nc6 6. Bf4 Ne4 7. Nd2 Nxc3 8.
bxc3 e6 9. e3 Bd6 10. Qg4 O-O 11. Bh6 Qf6 12. Bg5 Qg6 13. Qh4 e5 14. dxe5 Bxe5 15.
Rc1 Bf5 16. Bf4 Bf6 17. Qg3 Rac8 18. Nb3 Rfe8 19. Be2 Ne5 20. Nd4 Nd3+ 21. Bxd3 Bxd3 22. Kd2 Bc4 23. Qxg6 hxg6 24. a4 Bd8 25. Rb1 Ba6 26. Nb5 Ba5 27. Rhc1 Rc6 28. Nxa7 Rc4 29. Nb5 Rxa4 30. Nd6 Re7 31. Ra1 Rxa1 32. Rxa1 Bc7 33.
Nc8 Rd7 34. Bxc7 Rxc7 35. Nb6 Rc5 36. Ra4 Rb5 37. Rb4 Ra5 38. Ra4 Rb5 39. Rb4 Ra5 40. Rb2 Kf8 41. Nd7+ Ke7 42. Ne5 Ke6 43. Nf3 Ra1 44. Nd4+ Kd6 45. e4 dxe4 46. Ke3 f5 47. Kf4 Rc1 48. Kg5 Rxc3 49. Kxg6 f4 50. Kf5 e3 51.
Kxf4 exf2 52. Rxf2 Bd3 53. Rb2 Rc7 54. Kg5 Kd5 55.
Nf5 b5 56. g4 Kc4 57. Nd6+ Kc5 58. Nf5 Kc4 59. Nd6+ Kc5 60. Nf5 Kc4 1/2-1/2

[Event "*** SCC Grand Prix: Titled Tuesday Blitz"]
[Site "Chess.com"]
[Date "2020.08.25"]
[Round "6"]
[White "Ali_rastbod"]
[Black "lucachess49"]
[Result "1-0"]
[WhiteElo "2678"]
[BlackElo "2477"]
[TimeControl "180+1"]
[EndTime "11:08:30 PDT"]
[Termination "Ali_rastbod won by resignation"]

1. c4 Nf6 2. Nf3 e6 3. g3 d5 4. Bg2 dxc4 5. Qa4+ Nbd7 6. Qxc4 a6 7. Qb3 c5 8. d4 Be7 9. O-O O-O 10. Rd1 Qb6 11.
Nc3 Qxb3 12. axb3 Nd5 13. e4 Nxc3 14. bxc3 b6 15. d5 exd5 16. exd5 Bf6 17. Bb2 Bb7 18.
Rd2 c4 19. bxc4 Rac8 20. Bf1 Rfe8 21. Nd4 Ne5 22. Ra4 Red8 23. f4 Nd7 24. Ra1 Nc5 25. Re1 Re8 26. Rxe8+ Rxe8 27. Bg2 g6 28. Ba3 Rc8 29. Nc6 Bxc6 30. dxc6 Be7 31. Bd5 Kf8 32. Rb2 b5 33. cxb5 axb5 34. Rxb5 Ne6 35. Bxe7+ Kxe7 36. c4 Kd6 37. Rb1 Nd4 38. Rd1 Nxc6 39.
Bxf7+ Kc5 40. Rd5+ Kb4 41. Rb5+ Kc3 42. Rc5 Rc7 43.
Bd5 Kd4 44. Rxc6 1-0

[Event "*** SCC Grand Prix: Titled Tuesday Blitz"]
[Site "Chess.com"]
[Date "2020.08.25"]
[Round "6"]
[White "JesseKraai"]
[Black "mamey78"]
[Result "0-1"]
[WhiteElo "2551"]
[BlackElo "2435"]
[TimeControl "180+1"]
[EndTime "11:08:30 PDT"]
[Termination "mamey78 won by resignation"]

1. d4 d5 2. c4 c6 3. Nc3 Nf6 4.
cxd5 cxd5 5. Bf4 Nc6 6. e3 a6 7.
Bd3 Bg4 8. Nge2 e6 9. O-O Be7 10. f3 Bh5 11. Bg3 Bg6 12. Nf4 O-O 13. Nxg6 hxg6 14.
Rc1 Rc8 15. Na4 Nd7 16. a3 b5 17. Nc5 Nxc5 18. dxc5 Bf6 19. Qe2 Ne5 20. b4 Nc4 21. Bxc4 dxc4 22. Rfd1 Qe8 23. Bd6 Be7 24. e4 Bxd6 25.
Rxd6 a5 26. Rcd1 axb4 27. axb4 Qe7 28. Rd7 Qf6 29. e5 Qf5 30. Qe4 Qg5 31. f4 Qh5 32.
Qf3 Qf5 33. Rb7 Rfd8 34. Rd6 Qb1+ 35. Qf1 Qxb4 36. Qf2 Qb1+ 37. Qf1 Qb4 38. Qf2 c3 39. h3 Qb1+ 40. Kh2 c2 41. Rxd8+ Rxd8 42. Qh4 Rf8 43.
Qe7 c1=Q 44. Qxf8+ Kxf8 45. Rb8+ Ke7 0-1

[Event "*** SCC Grand Prix: Titled Tuesday Blitz"]
[Site "Chess.com"]
[Date "2020.08.25"]
[Round "6"]
[White "ZverevLev"]
[Black "alexrustemov"]
[Result "0-1"]
[WhiteElo "2349"]
[BlackElo "2635"]
[TimeControl "180+1"]
[EndTime "11:08:31 PDT"]
[Termination "alexrustemov won on time"]

1. e4 e6 2. d4 d5 3. Nc3 Bb4 4. e5 c5 5. a3 Bxc3+ 6. bxc3 Ne7 7. Qg4 O-O 8. Nf3 Nbc6 9. Bd2 f5 10. Qg3 Qb6 11.
dxc5 Qb2 12. Rd1 Qxc2 13. Be2 Qe4 14. Qf4 Ng6 15. Qxe4 fxe4 16. Nd4 Ngxe5 17. O-O Na5 18. f4 Nec4 19. Bc1 Bd7 20. Bg4 Rae8 21. Rde1 g6 22.
Bd1 Nc6 23. a4 Ne7 24. Nb5 Bxb5 25. axb5 Rc8 26. Bg4 Kf7 27. c6 bxc6 28. bxc6 Rxc6 29. Bh3 h5 30. g4 hxg4 31. Bxg4 Nf5 32. Kg2 a5 33.
Rf2 a4 34. h3 a3 35. Ra2 Ra8 36. Kf1 Nfd6 37. Ree2 Nb5 38. Rec2 Ncd6 39. Ke2 Nxc3+ 0-1

[Event "*** SCC Grand Prix: Titled Tuesday Blitz"]
[Site "Chess.com"]
[Date "2020.08.25"]
[Round "6"]
[White "ChelsieMonica"]
[Black "GAusal"]
[Result "1-0"]
[WhiteElo "2400"]
[BlackElo "2167"]
[TimeControl "180+1"]
[EndTime "11:08:31 PDT"]
[Termination "ChelsieMonica won on time"]

1. c4 e5 2. Nc3 Nf6 3. g3 Nc6 4. Bg2 Bc5 5. Nf3 d6 6. O-O O-O 7. d3 Bg4 8. h3 Bxf3 9. Bxf3 Bd4 10.
Bg2 Bxc3 11. bxc3 h6 12. Rb1 Rb8 13. f4 exf4 14. Bxf4 Qe7 15. e4 Ne5 16. Qd2 Nh5 17.
g4 Nxf4 18. Rxf4 Qg5 19. Rbf1 Ng6 20. R4f2 Qxd2 21. Rxd2 Nh4 22. Rb2 b6 23. Rff2 Rfe8 24.
Bh1 c5 25. Kh2 Ng6 26. Kg3 Ne5 27. Rbd2 Rbc8 28. h4 a6 29. a4 f6 30. Bf3 Kh7 31. Be2 Rb8 32. Rb2 Kg8 33. Bf1 Kf7 34. Rb3 Rec8 35. Rfb2 Nd7 36. d4 Rh8 37. h5 Rhe8 38.
Kf4 Ke7 39. Bd3 Kd8 40. a5 Kc7 41. axb6+ Rxb6 42. Rxb6 Nxb6 43. Ra2 Ra8 44. Kf5 Ra7 45. Kg6 Kd8 46. Be2 a5 47. Rb2 Nd7 48. Kxg7 a4 49.
Kxh6 a3 50. Ra2 1-0